Islanders vs Oilers
Created - January 11, 2023 at 19:36
Goals
|
| Islanders |
2 |
0 |
1 |
3 |
| Oilers |
0 |
3 |
1 |
4 |
|
Shots
|
| Islanders |
8 |
16 |
19 |
43 |
| Oilers |
5 |
17 |
10 |
32 |
|
1st period
1. Islanders , Rick Nash 5 (Michael Latta 6) at 13:05
2. Islanders , Craig Smith 6 (Sergei Plotnikov 6) at 19:30
Penalties :
Ryan Nugent-Hopkins (Edm) for Hooking (Minor) at 3:27, Frans Nielsen (NyI) for Tripping (Minor) at 8:39, Frans Nielsen (NyI) for Hooking (Minor) at 14:24
2nd period
3. Oilers , Evander Kane 8 (Brady Skjei 13, Ryan Nugent-Hopkins 11) at 1:46
4. Oilers , Viktor Arvidsson 9 (Ryan Nugent-Hopkins 12, Evander Kane 13) at 9:05
5. Oilers , David Pastrnak 10 (Connor McDavid 25, Brady Skjei 14) at 15:34
Penalties :
Ryan Nugent-Hopkins (Edm) for Holding (Minor) at 9:16, Tobias Enstrom (Edm) for Slashing (Minor) at 12:26, Rick Nash (NyI) for Tripping (Minor) at 17:50, Brady Skjei (Edm) for Slashing (Minor) at 17:56
3rd period
6. Islanders , Brock McGinn 7 (Michael Latta 7, Yann Sauvé 9) at 6:58
7. Oilers , Connor McDavid 14 (James Neal 7, David Pastrnak 14) at 14:06 (PP)
Penalties :
Kellan Lain (NyI) for Interference (Minor) at 13:17, Shea Weber (Edm) for Hooking (Minor) at 19:09
Goalie Stats
Marc-André Fleury (NyI), 28 saves from 32 shots - (0.875), L, 10-7-3, 59:10 minutes
James Reimer (Edm), 40 saves from 43 shots - (0.930), W, 14-8-2, 60:00 minutes
Players Stats for Islanders
Player Name G A P +/- PIM S H SB GA TA FO MP PP MP PK MP
------------------------------------------------------------------------------------
Andrew Shaw 0 0 0 0 0 0 0 0 0 0 0/0 8:24 0:00 0:00
Brenden Dillon 0 0 0 -1 0 0 0 1 0 0 0/0 8:40 0:00 0:00
Brock McGinn 1 0 1 1 0 3 1 0 0 0 0/0 15:36 2:44 0:40
Craig Smith 1 0 1 1 0 3 0 0 0 0 0/0 10:09 0:00 0:00
Emerson Etem 0 0 0 0 0 1 0 1 0 0 0/0 8:24 0:00 0:00
Frans Nielsen 0 0 0 -2 4 4 1 0 0 0 20/34 20:23 4:06 0:00
Justin Falk 0 0 0 -1 0 0 0 1 0 0 0/0 8:40 0:00 0:00
Kellan Lain 0 0 0 -2 2 6 2 1 0 1 0/1 21:32 4:06 1:22
Melker Karlsson 0 0 0 1 0 4 0 0 0 0 5/10 11:40 0:03 0:29
Michael Latta 0 2 2 1 0 1 0 0 0 0 10/15 14:24 2:44 0:00
Nikita Zadorov 0 0 0 0 0 1 0 2 0 0 0/0 20:19 2:36 1:51
Pierre-Edouard Bellemare 0 0 0 0 0 0 1 0 0 0 0/1 8:54 0:00 0:00
Rick Nash 1 0 1 1 2 5 0 1 0 0 0/1 17:18 2:47 2:52
Ryan Ellis 0 0 0 1 0 4 1 0 2 0 0/0 31:01 4:17 3:02
Sergei Plotnikov 0 1 1 1 0 2 2 0 0 0 0/1 11:54 0:00 1:21
Vladimir Tarasenko 0 0 0 -2 0 3 1 2 2 1 3/11 24:32 4:09 3:02
Wes O'Neill 0 0 0 0 0 1 1 0 0 0 0/0 20:19 2:36 1:51
Yann Sauvé 0 1 1 1 0 5 1 1 0 0 0/0 31:01 4:17 3:02
Players Stats for Oilers
Player Name G A P +/- PIM S H SB GA TA FO MP PP MP PK MP
------------------------------------------------------------------------------------
Anton Slepyshev 0 0 0 0 0 1 1 0 0 0 0/0 9:20 0:09 0:50
Brady Skjei 0 2 2 0 2 2 3 1 1 1 0/0 26:02 3:22 0:46
Cam Barker 0 0 0 0 0 3 0 2 0 1 0/0 22:49 1:50 1:47
Connor McDavid 1 1 2 0 0 3 3 0 0 0 13/20 15:59 3:03 0:40
David Pastrnak 1 1 2 0 0 2 3 1 0 0 0/1 14:05 3:03 0:00
Evander Kane 1 1 2 0 0 2 3 0 1 0 1/3 21:52 0:00 4:04
Jake Gardiner 0 0 0 0 0 0 1 2 0 1 0/0 28:08 1:42 5:12
James Neal 0 1 1 0 0 3 0 2 0 0 1/1 13:22 2:54 0:00
Leon Draisaitl 0 0 0 0 0 4 2 1 0 0 0/1 14:51 1:50 1:33
Marcus Pettersson 0 0 0 0 0 0 0 1 0 0 0/0 2:46 0:00 0:00
Mark Stone 0 0 0 0 0 2 1 1 0 0 0/1 12:18 1:50 0:00
Patrice Bergeron 0 0 0 0 0 3 0 2 0 1 9/18 15:09 0:00 3:56
Ryan Getzlaf 0 0 0 0 0 1 1 0 0 0 1/3 8:12 0:00 0:00
Ryan Nugent-Hopkins 0 2 2 0 4 1 0 0 0 0 9/23 19:30 1:50 0:44
Shea Weber 0 0 0 0 2 1 1 1 0 0 0/0 16:48 0:00 4:16
Tobias Enstrom 0 0 0 0 2 3 1 1 0 0 0/0 23:30 2:51 1:45
Viktor Arvidsson 1 0 1 0 0 1 2 0 0 0 2/3 18:16 0:00 1:59
Zach Hyman 0 0 0 0 0 0 0 0 0 0 0/0 8:12 0:00 0:00
3 Stars
1 - David Pastrnak (Edm)
2 - Evander Kane (Edm)
3 - Connor McDavid (Edm)
Power Play
Islanders - 0 on 5 Attempt(s) - 0.00%
Oilers - 1 on 4 Attempt(s) - 25.00%
Penalty Kill
Islanders - 3 on 4 Attempt(s) - 75.00%
- Score 0 goal in Penalty Kill
Oilers - 5 on 5 Attempt(s) - 100.00%
- Score 0 goal in Penalty Kill
Team Stat
Islanders - Hits : 11 - Faceoff Wins : 38 - Blocked Shots : 10 - Penalty Minutes : 8
Oilers - Hits : 22 - Faceoff Wins : 36 - Blocked Shots : 15 - Penalty Minutes : 10
Official
Referees : Francis Charron and Chris Schlenker
Linesman : Kory Nagy and Ryan Galloway
Game Notes
Marcus Pettersson is injured at 8:15 of 1st period (Right Leg)
Finance
Level 1 -- Attendance: 5774 (96.23%) -- Ticket Income $577,400
Level 2 -- Attendance: 5000 (100.00%) -- Ticket Income $300,000
Level 3 -- Attendance: 1806 (90.30%) -- Ticket Income $63,210
Level 4 -- Attendance: 3874 (96.85%) -- Ticket Income $96,850
Luxury Box -- Attendance: 994 (99.40%) -- Ticket Income $198,800
Game was played at the Rodgers Place.
Total Attendance: 17448 (96.93%)
Total Ticket Income: $1,236,260
Other Income: $185,439
Total Income: $1,421,699
Islanders
5 vs 5 Forward
Center Left Wing Right Wing Time % Phy DF OF
1 Frans Nielsen Kellan Lain Vladimir Tarasenko 40 1 2 2
2 Michael Latta Brock McGinn Rick Nash 30 1 2 2
3 Melker Karlsson Sergei Plotnikov Craig Smith 20 1 2 2
4 Pierre-Edouard Bellemare Emerson Etem Andrew Shaw 10 1 2 2
5 vs 5 Defense
Defense Defense Time % Phy DF OF
1 Ryan Ellis Yann Sauvé 40 1 2 2
2 Wes O'Neill Nikita Zadorov 30 1 2 2
3 Brenden Dillon Justin Falk 20 1 2 2
4 Ryan Ellis Yann Sauvé 10 1 2 2
PowerPlay Forward
Center Left Wing Right Wing Time % Phy DF OF
1 Frans Nielsen Kellan Lain Vladimir Tarasenko 60 1 2 2
2 Michael Latta Brock McGinn Rick Nash 40 1 2 2
PowerPlay Defense
Defense Defense Time % Phy DF OF
1 Ryan Ellis Yann Sauvé 60 1 2 2
2 Wes O'Neill Nikita Zadorov 40 1 2 2
Penalty Kill 4 Players Forward
Center Wing Time % Phy DF OF
1 Vladimir Tarasenko Rick Nash 60 1 2 2
2 Kellan Lain Frans Nielsen 40 1 2 2
Penalty Kill 4 Players Defense
Defense Defense Time % Phy DF OF
1 Ryan Ellis Yann Sauvé 60 1 2 2
2 Wes O'Neill Nikita Zadorov 40 1 2 2
Penalty Kill - 3 Players Forward
Forward Time % Phy DF OF
1 Vladimir Tarasenko 60 1 2 2
2 Rick Nash 40 1 2 2
Penalty Kill - 3 Players Defense
Defense Defense Time % Phy DF OF
1 Ryan Ellis Yann Sauvé 60 1 2 2
2 Wes O'Neill Nikita Zadorov 40 1 2 2
4 vs 4 Forward
Center Wing Time % Phy DF OF
1 Vladimir Tarasenko Rick Nash 60 1 2 2
2 Kellan Lain Frans Nielsen 40 1 2 2
4 vs 4 Defense
Defense Defense Time % Phy DF OF
1 Ryan Ellis Yann Sauvé 60 1 2 2
2 Wes O'Neill Nikita Zadorov 40 1 2 2
Last Minutes Offensive
Center Left Wing Right Wing Defense Defense
Frans Nielsen Kellan Lain Vladimir Tarasenko Ryan Ellis Yann Sauvé
Last Minutes Defensive
Center Left Wing Right Wing Defense Defense
Frans Nielsen Kellan Lain Vladimir Tarasenko Ryan Ellis Yann Sauvé
Goaltenders
Starting : Marc-André Fleury
Backup : Cam Ward
Extra Forwards
Normal : Melker Karlsson, Pierre-Edouard Bellemare, Sergei Plotnikov - PP : Melker Karlsson, Pierre-Edouard Bellemare - PK : Sergei Plotnikov
Extra Defensemen
Normal : Brenden Dillon, Justin Falk, Wes O'Neill - PP : Brenden Dillon - PK : Justin Falk, Wes O'Neill
Penalty Shots
Vladimir Tarasenko, Rick Nash, Kellan Lain, Frans Nielsen, Brock McGinn
Scratches
Carl Klingberg (Healthy), Christian Fischer (Healthy), Connor Murphy (Healthy), Ryan Hartman (Healthy)
Oilers
5 vs 5 Forward
Center Left Wing Right Wing Time % Phy DF OF
1 Ryan Nugent-Hopkins Evander Kane Viktor Arvidsson 40 1 2 2
2 Connor McDavid Leon Draisaitl David Pastrnak 30 1 2 2
3 Patrice Bergeron James Neal Mark Stone 20 1 2 2
4 Ryan Getzlaf Anton Slepyshev Zach Hyman 10 1 2 2
5 vs 5 Defense
Defense Defense Time % Phy DF OF
1 Brady Skjei Jake Gardiner 40 1 2 2
2 Cam Barker Tobias Enstrom 30 1 2 2
3 Shea Weber Marcus Pettersson 20 1 2 2
4 Cam Barker Shea Weber 10 1 2 2
PowerPlay Forward
Center Left Wing Right Wing Time % Phy DF OF
1 Connor McDavid James Neal David Pastrnak 60 1 2 2
2 Ryan Nugent-Hopkins Leon Draisaitl Mark Stone 40 1 2 2
PowerPlay Defense
Defense Defense Time % Phy DF OF
1 Brady Skjei Marcus Pettersson 60 1 2 2
2 Cam Barker Jake Gardiner 40 1 2 2
Penalty Kill 4 Players Forward
Center Wing Time % Phy DF OF
1 Patrice Bergeron Evander Kane 60 1 2 2
2 Ryan Nugent-Hopkins Viktor Arvidsson 40 1 2 2
Penalty Kill 4 Players Defense
Defense Defense Time % Phy DF OF
1 Shea Weber Jake Gardiner 60 1 2 2
2 Cam Barker Tobias Enstrom 40 1 2 2
Penalty Kill - 3 Players Forward
Forward Time % Phy DF OF
1 Patrice Bergeron 60 1 2 2
2 Connor McDavid 40 1 2 2
Penalty Kill - 3 Players Defense
Defense Defense Time % Phy DF OF
1 Brady Skjei Jake Gardiner 60 1 2 2
2 Cam Barker Tobias Enstrom 40 1 2 2
4 vs 4 Forward
Center Wing Time % Phy DF OF
1 Connor McDavid Evander Kane 60 1 2 2
2 Patrice Bergeron Leon Draisaitl 40 1 2 2
4 vs 4 Defense
Defense Defense Time % Phy DF OF
1 Brady Skjei Jake Gardiner 60 1 2 2
2 Cam Barker Tobias Enstrom 40 1 2 2
Last Minutes Offensive
Center Left Wing Right Wing Defense Defense
Connor McDavid Evander Kane David Pastrnak Brady Skjei Jake Gardiner
Last Minutes Defensive
Center Left Wing Right Wing Defense Defense
Patrice Bergeron Evander Kane Viktor Arvidsson Shea Weber Jake Gardiner
Goaltenders
Starting : James Reimer
Backup : Jonas Hiller
Extra Forwards
Normal : Leon Draisaitl, Ryan Nugent-Hopkins, Viktor Arvidsson - PP : Leon Draisaitl, Ryan Nugent-Hopkins - PK : Leon Draisaitl
Extra Defensemen
Normal : Tobias Enstrom, Shea Weber, Marcus Pettersson - PP : Tobias Enstrom - PK : Tobias Enstrom, Shea Weber
Penalty Shots
Evander Kane, Connor McDavid, David Pastrnak, Patrice Bergeron, Leon Draisaitl
Scratches
None
% Time on Ice - Islanders
Lines # - Real PCT - Wanted PCT - Time Play
Normal Forward
1 - 35% - 40% - 15:57
2 - 25% - 30% - 11:40
3 - 22% - 20% - 10:09
4 - 18% - 10% - 8:24
Normal Defense
1 - 43% - 40% - 20:02
2 - 32% - 30% - 14:58
3 - 19% - 20% - 8:40
4 - 5% - 10% - 2:30
PP Forward
1 - 60% - 60% - 4:09
2 - 40% - 40% - 2:44
PP Defense
1 - 62% - 60% - 4:17
2 - 38% - 40% - 2:36
PK Forward
1 - 72% - 60% - 3:31
2 - 28% - 40% - 1:22
PK Defense
1 - 62% - 60% - 3:02
2 - 38% - 40% - 1:51
PK3 Forward
1 - 0% - 60%
2 - 0% - 40%
PK3 Defense
1 - 0% - 60%
2 - 0% - 40%
44 Forward
1 - 100% - 60% - 1:53
2 - 0% - 40% - 0:00
44 Defense
1 - 62% - 60% - 1:10
2 - 38% - 40% - 0:43
Last Minute Offensive - 0:11
Last Minute Defensive - 0:00
Total
Forward - 60:00
Defense - 60:00
|
% Time on Ice - Oilers
Lines # - Real PCT - Wanted PCT - Time Play
Normal Forward
1 - 36% - 40% - 16:31
2 - 24% - 30% - 10:58
3 - 23% - 20% - 10:28
4 - 18% - 10% - 8:12
Normal Defense
1 - 42% - 40% - 19:22
2 - 31% - 30% - 14:17
3 - 22% - 20% - 10:04
4 - 5% - 10% - 2:26
PP Forward
1 - 62% - 60% - 3:03
2 - 38% - 40% - 1:50
PP Defense
1 - 71% - 60% - 3:27
2 - 29% - 40% - 1:26
PK Forward
1 - 71% - 60% - 4:54
2 - 29% - 40% - 1:59
PK Defense
1 - 76% - 60% - 5:12
2 - 24% - 40% - 1:41
PK3 Forward
1 - 0% - 60%
2 - 0% - 40%
PK3 Defense
1 - 0% - 60%
2 - 0% - 40%
44 Forward
1 - 88% - 60% - 1:39
2 - 12% - 40% - 0:14
44 Defense
1 - 100% - 60% - 1:53
2 - 0% - 40% - 0:00
Last Minute Offensive - 0:00
Last Minute Defensive - 0:12
Total
Forward - 60:00
Defense - 60:00
|
Play-by-Play
1st period
0:01 of 1st period - Viktor Arvidsson wins face-off versus Kellan Lain in neutral zone.
1:14 of 1st period - Snap shot by Pierre-Edouard Bellemare.
1:14 of 1st period - Shot Blocked by Cam Barker.
1:16 of 1st period - Wrist shot by Emerson Etem.
1:16 of 1st period - Stopped by James Reimer with a rebound.
1:18 of 1st period - Wrist shot by Emerson Etem.
1:18 of 1st period - Shot Blocked by Cam Barker.
1:34 of 1st period - Wrist shot by Ryan Nugent-Hopkins.
1:34 of 1st period - Shot Misses the Net.
2:31 of 1st period - Snap shot by Craig Smith.
2:31 of 1st period - Deflect By Shea Weber.
2:31 of 1st period - Shot Misses the Net.
2:31 of 1st period - Puck is out of play.
2:32 of 1st period - Patrice Bergeron wins face-off versus Frans Nielsen in Oilers zone.
2:41 of 1st period - Snap shot by Patrice Bergeron.
2:41 of 1st period - Stopped by Marc-André Fleury without a rebound.
2:42 of 1st period - Frans Nielsen wins face-off versus Patrice Bergeron in Islanders zone.
2:49 of 1st period - Wrist shot by Mark Stone.
2:49 of 1st period - Stopped by Marc-André Fleury without a rebound.
2:50 of 1st period - Frans Nielsen wins face-off versus Leon Draisaitl in Islanders zone.
3:03 of 1st period - Slapshot by Vladimir Tarasenko.
3:03 of 1st period - Shot Misses the Net.
3:05 of 1st period - Slapshot by Yann Sauvé.
3:05 of 1st period - Stopped by James Reimer without a rebound.
3:06 of 1st period - Ryan Nugent-Hopkins wins face-off versus Michael Latta in Oilers zone.
3:27 of 1st period - Minor Penalty to Ryan Nugent-Hopkins for Hooking.
3:28 of 1st period - Frans Nielsen wins face-off versus Patrice Bergeron in Oilers zone.
3:41 of 1st period - Snap shot by Kellan Lain.
3:41 of 1st period - Shot Misses the Net.
3:43 of 1st period - Slapshot by Ryan Ellis.
3:43 of 1st period - Deflect By Frans Nielsen.
3:43 of 1st period - Shot Misses the Net.
3:43 of 1st period - Puck is out of play.
3:44 of 1st period - Patrice Bergeron wins face-off versus Frans Nielsen in Oilers zone.
5:27 of 1st period - Penalty to Ryan Nugent-Hopkins is over, Ryan Nugent-Hopkins is back on ice.
6:24 of 1st period - Frans Nielsen is hit by Evander Kane and loses puck.
6:42 of 1st period - Icing by Anton Slepyshev.
6:43 of 1st period - Ryan Getzlaf wins face-off versus Pierre-Edouard Bellemare in Oilers zone.
7:47 of 1st period - Wrist shot by Ryan Getzlaf.
7:47 of 1st period - Stopped by Marc-André Fleury with a rebound.
8:15 of 1st period - Snap shot by Andrew Shaw.
8:15 of 1st period - Shot Blocked by Marcus Pettersson.
8:15 of 1st period - Marcus Pettersson from Oilers is injured at 8:15 of 1st period (Right Leg).
8:16 of 1st period - Viktor Arvidsson wins face-off versus Frans Nielsen in Oilers zone.
8:39 of 1st period - Minor Penalty to Frans Nielsen for Tripping.
8:40 of 1st period - Vladimir Tarasenko wins face-off versus Connor McDavid in Islanders zone.
8:55 of 1st period - Wrist shot by David Pastrnak.
8:55 of 1st period - Shot Misses the Net.
9:31 of 1st period - Wrist shot by David Pastrnak.
9:31 of 1st period - Shot Misses the Net.
9:33 of 1st period - Wrist shot by David Pastrnak.
9:33 of 1st period - Deflect By Connor McDavid.
9:33 of 1st period - Shot Blocked by Vladimir Tarasenko.
9:33 of 1st period - Puck is out of play.
9:34 of 1st period - Ryan Nugent-Hopkins wins face-off versus Sergei Plotnikov in Islanders zone.
10:39 of 1st period - Penalty to Frans Nielsen is over, Frans Nielsen is back on ice.
10:53 of 1st period - Wrist shot by Emerson Etem.
10:53 of 1st period - Shot Misses the Net.
11:42 of 1st period - Slapshot by Ryan Ellis.
11:42 of 1st period - Stopped by James Reimer with a rebound.
12:12 of 1st period - Shea Weber is hit by Vladimir Tarasenko and loses puck.
13:05 of 1st period - Wrist shot by Rick Nash.
13:05 of 1st period - Goal by Rick Nash - Islanders : 1 - Oilers : 0.
13:06 of 1st period - Evander Kane wins face-off versus Frans Nielsen in neutral zone.
13:39 of 1st period - Slapshot by Ryan Ellis.
13:39 of 1st period - Shot Blocked by Leon Draisaitl.
14:01 of 1st period - Snap shot by Andrew Shaw.
14:01 of 1st period - Shot Blocked by James Neal.
14:03 of 1st period - Snap shot by Emerson Etem.
14:03 of 1st period - Shot Misses the Net.
14:05 of 1st period - Slapshot by Ryan Ellis.
14:05 of 1st period - Stopped by James Reimer without a rebound.
14:06 of 1st period - Frans Nielsen wins face-off versus Ryan Nugent-Hopkins in Oilers zone.
14:24 of 1st period - Minor Penalty to Frans Nielsen for Hooking.
14:25 of 1st period - Connor McDavid wins face-off versus Vladimir Tarasenko in Islanders zone.
16:24 of 1st period - Penalty to Frans Nielsen is over, Frans Nielsen is back on ice.
17:27 of 1st period - Snap shot by Vladimir Tarasenko.
17:27 of 1st period - Shot Misses the Net.
17:29 of 1st period - Slapshot by Kellan Lain.
17:29 of 1st period - Shot Misses the Net.
17:31 of 1st period - Snap shot by Vladimir Tarasenko.
17:31 of 1st period - Shot Misses the Net.
17:45 of 1st period - Icing by Yann Sauvé.
17:46 of 1st period - Connor McDavid wins face-off versus Melker Karlsson in Islanders zone.
17:51 of 1st period - Snap shot by Connor McDavid.
17:51 of 1st period - Stopped by Marc-André Fleury without a rebound.
17:52 of 1st period - Patrice Bergeron wins face-off versus Vladimir Tarasenko in Islanders zone.
17:53 of 1st period - Wrist shot by James Neal.
17:53 of 1st period - Shot Misses the Net.
17:55 of 1st period - Snap shot by James Neal.
17:55 of 1st period - Stopped by Marc-André Fleury without a rebound.
17:56 of 1st period - Frans Nielsen wins face-off versus Mark Stone in Islanders zone.
18:05 of 1st period - Snap shot by Kellan Lain.
18:05 of 1st period - Stopped by James Reimer without a rebound.
18:06 of 1st period - Ryan Nugent-Hopkins wins face-off versus Frans Nielsen in Oilers zone.
19:28 of 1st period - Wrist shot by Sergei Plotnikov.
19:28 of 1st period - Stopped by James Reimer with a rebound.
19:30 of 1st period - Slapshot by Craig Smith.
19:30 of 1st period - Goal by Craig Smith - Islanders : 2 - Oilers : 0.
19:31 of 1st period - Frans Nielsen wins face-off versus Ryan Nugent-Hopkins in neutral zone.
Goals for this period are 2 for Islanders vs 0 for Oilers.
Shots for this period are 8 for Islanders vs 5 for Oilers.
2nd period
0:01 of 2nd period - Frans Nielsen wins face-off versus Connor McDavid in neutral zone.
0:08 of 2nd period - Wrist shot by Vladimir Tarasenko.
0:08 of 2nd period - Stopped by James Reimer with a rebound.
0:52 of 2nd period - Snap shot by Melker Karlsson.
0:52 of 2nd period - Stopped by James Reimer without a rebound.
0:53 of 2nd period - Melker Karlsson wins face-off versus Patrice Bergeron in Oilers zone.
1:04 of 2nd period - Wrist shot by Melker Karlsson.
1:04 of 2nd period - Stopped by James Reimer with a rebound.
1:06 of 2nd period - Snap shot by Craig Smith.
1:06 of 2nd period - Deflect By Brady Skjei.
1:06 of 2nd period - Shot Misses the Net.
1:06 of 2nd period - Puck is out of play.
1:07 of 2nd period - Connor McDavid wins face-off versus Frans Nielsen in Oilers zone.
1:16 of 2nd period - Snap shot by Leon Draisaitl.
1:16 of 2nd period - Stopped by Marc-André Fleury with a rebound.
1:18 of 2nd period - Slapshot by Jake Gardiner.
1:18 of 2nd period - Shot Misses the Net.
1:20 of 2nd period - Wrist shot by Brady Skjei.
1:20 of 2nd period - Stopped by Marc-André Fleury with a rebound.
1:22 of 2nd period - Slapshot by Leon Draisaitl.
1:22 of 2nd period - Deflect By David Pastrnak.
1:22 of 2nd period - Shot Misses the Net.
1:22 of 2nd period - Puck is out of play.
1:23 of 2nd period - Michael Latta wins face-off versus Ryan Nugent-Hopkins in Islanders zone.
1:37 of 2nd period - Wrist shot by Michael Latta.
1:37 of 2nd period - Stopped by James Reimer with a rebound.
1:40 of 2nd period - Icing by Evander Kane.
1:41 of 2nd period - Ryan Nugent-Hopkins wins face-off versus Frans Nielsen in Oilers zone.
1:46 of 2nd period - Snap shot by Evander Kane.
1:46 of 2nd period - Goal by Evander Kane - Islanders : 2 - Oilers : 1.
1:47 of 2nd period - Frans Nielsen wins face-off versus David Pastrnak in neutral zone.
1:50 of 2nd period - Slapshot by Ryan Ellis.
1:50 of 2nd period - Shot Blocked by Jake Gardiner.
2:50 of 2nd period - Melker Karlsson is hit by Ryan Getzlaf and loses puck.
3:03 of 2nd period - Snap shot by Frans Nielsen.
3:03 of 2nd period - Stopped by James Reimer without a rebound.
3:04 of 2nd period - Frans Nielsen wins face-off versus Patrice Bergeron in Oilers zone.
3:11 of 2nd period - Wes O'Neill is hit by Mark Stone and loses puck.
3:20 of 2nd period - Backhand shot by Vladimir Tarasenko.
3:20 of 2nd period - Deflect By Frans Nielsen.
3:20 of 2nd period - Stopped by James Reimer with a rebound.
3:46 of 2nd period - Snap shot by James Neal.
3:46 of 2nd period - Shot Misses the Net.
3:48 of 2nd period - Wrist shot by Mark Stone.
3:48 of 2nd period - Shot Misses the Net.
3:50 of 2nd period - Slapshot by Shea Weber.
3:50 of 2nd period - Stopped by Marc-André Fleury with a rebound.
3:52 of 2nd period - Slapshot by Shea Weber.
3:52 of 2nd period - Shot Misses the Net.
4:00 of 2nd period - Slapshot by James Neal.
4:00 of 2nd period - Deflect By Frans Nielsen.
4:00 of 2nd period - Stopped by Marc-André Fleury without a rebound.
4:01 of 2nd period - Michael Latta wins face-off versus Ryan Nugent-Hopkins in Islanders zone.
4:29 of 2nd period - Wes O'Neill is hit by David Pastrnak and loses puck.
5:50 of 2nd period - Wrist shot by Mark Stone.
5:50 of 2nd period - Deflect By Frans Nielsen.
5:50 of 2nd period - Shot Misses the Net.
5:50 of 2nd period - Puck is out of play.
5:51 of 2nd period - Patrice Bergeron wins face-off versus Michael Latta in Islanders zone.
5:58 of 2nd period - Backhand shot by James Neal.
5:58 of 2nd period - Stopped by Marc-André Fleury with a rebound.
6:00 of 2nd period - Wrist shot by Mark Stone.
6:00 of 2nd period - Stopped by Marc-André Fleury with a rebound.
6:16 of 2nd period - Wrist shot by James Neal.
6:16 of 2nd period - Shot Misses the Net.
6:18 of 2nd period - Wrist shot by Tobias Enstrom.
6:18 of 2nd period - Deflect By Michael Latta.
6:18 of 2nd period - Stopped by Marc-André Fleury with a rebound.
6:28 of 2nd period - Snap shot by Rick Nash.
6:28 of 2nd period - Shot Blocked by Mark Stone.
6:30 of 2nd period - Wrist shot by Wes O'Neill.
6:30 of 2nd period - Shot Blocked by Shea Weber.
6:32 of 2nd period - Snap shot by Wes O'Neill.
6:32 of 2nd period - Shot Blocked by James Neal.
6:36 of 2nd period - Slapshot by Rick Nash.
6:36 of 2nd period - Stopped by James Reimer with a rebound.
6:44 of 2nd period - Snap shot by Brock McGinn.
6:44 of 2nd period - Shot Misses the Net.
6:46 of 2nd period - Slapshot by Rick Nash.
6:46 of 2nd period - Stopped by James Reimer without a rebound.
6:47 of 2nd period - Ryan Nugent-Hopkins wins face-off versus Frans Nielsen in Oilers zone.
7:04 of 2nd period - Wrist shot by Frans Nielsen.
7:04 of 2nd period - Stopped by James Reimer without a rebound.
7:05 of 2nd period - Connor McDavid wins face-off versus Melker Karlsson in Oilers zone.
7:16 of 2nd period - Craig Smith is hit by Leon Draisaitl.
7:22 of 2nd period - Ryan Ellis is hit by Connor McDavid and loses puck.
7:57 of 2nd period - Yann Sauvé is hit by Jake Gardiner and loses puck.
9:05 of 2nd period - Snap shot by Viktor Arvidsson.
9:05 of 2nd period - Goal by Viktor Arvidsson - Islanders : 2 - Oilers : 2.
9:06 of 2nd period - Frans Nielsen wins face-off versus Ryan Nugent-Hopkins in neutral zone.
9:16 of 2nd period - Minor Penalty to Ryan Nugent-Hopkins for Holding.
9:17 of 2nd period - Patrice Bergeron wins face-off versus Frans Nielsen in Oilers zone.
9:51 of 2nd period - Slapshot by Ryan Ellis.
9:51 of 2nd period - Stopped by James Reimer with a rebound.
11:00 of 2nd period - Vladimir Tarasenko is hit by Anton Slepyshev and loses puck.
11:07 of 2nd period - Connor McDavid is hit by Kellan Lain and loses puck.
11:16 of 2nd period - Penalty to Ryan Nugent-Hopkins is over, Ryan Nugent-Hopkins is back on ice.
11:18 of 2nd period - Cam Barker is hit by Frans Nielsen and loses puck.
11:27 of 2nd period - Kellan Lain is hit by Tobias Enstrom and loses puck.
11:40 of 2nd period - Wrist shot by Ryan Nugent-Hopkins.
11:40 of 2nd period - Shot Misses the Net.
11:42 of 2nd period - Snap shot by Patrice Bergeron.
11:42 of 2nd period - Stopped by Marc-André Fleury without a rebound.
11:43 of 2nd period - Connor McDavid wins face-off versus Rick Nash in Islanders zone.
11:52 of 2nd period - Michael Latta is hit by Connor McDavid and loses puck.
11:59 of 2nd period - Michael Latta is hit by Brady Skjei and loses puck.
12:08 of 2nd period - David Pastrnak is hit by Brock McGinn and loses puck.
12:15 of 2nd period - Backhand shot by Brock McGinn.
12:15 of 2nd period - Stopped by James Reimer without a rebound.
12:16 of 2nd period - Melker Karlsson wins face-off versus Ryan Getzlaf in Oilers zone.
12:17 of 2nd period - Wrist shot by Sergei Plotnikov.
12:17 of 2nd period - Shot Misses the Net.
12:19 of 2nd period - Backhand shot by Sergei Plotnikov.
12:19 of 2nd period - Stopped by James Reimer without a rebound.
12:20 of 2nd period - Melker Karlsson wins face-off versus Ryan Getzlaf in Oilers zone.
12:26 of 2nd period - Minor Penalty to Tobias Enstrom for Slashing.
12:27 of 2nd period - Frans Nielsen wins face-off versus Evander Kane in Oilers zone.
12:35 of 2nd period - Snap shot by Vladimir Tarasenko.
12:35 of 2nd period - Stopped by James Reimer without a rebound.
12:36 of 2nd period - Vladimir Tarasenko wins face-off versus Patrice Bergeron in Oilers zone.
12:55 of 2nd period - Backhand shot by Kellan Lain.
12:55 of 2nd period - Stopped by James Reimer with a rebound.
12:57 of 2nd period - Wrist shot by Kellan Lain.
12:57 of 2nd period - Shot Misses the Net.
12:59 of 2nd period - Wrist shot by Frans Nielsen.
12:59 of 2nd period - Deflect By Kellan Lain.
12:59 of 2nd period - Deflect By Evander Kane.
12:59 of 2nd period - Stopped by James Reimer without a rebound.
13:00 of 2nd period - Michael Latta wins face-off versus Patrice Bergeron in Oilers zone.
13:19 of 2nd period - Shea Weber is hit by Kellan Lain and loses puck.
14:26 of 2nd period - Penalty to Tobias Enstrom is over, Tobias Enstrom is back on ice.
15:34 of 2nd period - Snap shot by Connor McDavid.
15:34 of 2nd period - Deflect By David Pastrnak.
15:34 of 2nd period - Goal by David Pastrnak - Islanders : 2 - Oilers : 3.
15:35 of 2nd period - Frans Nielsen wins face-off versus Evander Kane in neutral zone.
15:38 of 2nd period - Cam Barker is hit by Yann Sauvé and loses puck.
15:47 of 2nd period - Yann Sauvé is hit by Evander Kane and loses puck.
16:02 of 2nd period - Vladimir Tarasenko is hit by Shea Weber and loses puck.
16:09 of 2nd period - Wrist shot by James Neal.
16:09 of 2nd period - Shot Blocked by Kellan Lain.
16:11 of 2nd period - Snap shot by Brady Skjei.
16:11 of 2nd period - Deflect By Patrice Bergeron.
16:11 of 2nd period - Shot Blocked by Yann Sauvé.
16:11 of 2nd period - Puck is out of play.
16:12 of 2nd period - Michael Latta wins face-off versus Ryan Nugent-Hopkins in Islanders zone.
16:21 of 2nd period - Wrist shot by Rick Nash.
16:21 of 2nd period - Shot Misses the Net.
16:52 of 2nd period - Slapshot by Leon Draisaitl.
16:52 of 2nd period - Stopped by Marc-André Fleury with a rebound.
17:08 of 2nd period - Wrist shot by Melker Karlsson.
17:08 of 2nd period - Stopped by James Reimer without a rebound.
17:09 of 2nd period - Frans Nielsen wins face-off versus Ryan Nugent-Hopkins in Oilers zone.
17:27 of 2nd period - Off-side.
17:28 of 2nd period - Connor McDavid wins face-off versus Michael Latta in neutral zone.
17:50 of 2nd period - Minor Penalty to Rick Nash for Tripping.
17:51 of 2nd period - Vladimir Tarasenko wins face-off versus Connor McDavid in Islanders zone.
17:56 of 2nd period - Minor Penalty to Brady Skjei for Slashing.
17:57 of 2nd period - Connor McDavid wins face-off versus Vladimir Tarasenko in Oilers zone.
18:04 of 2nd period - Snap shot by Connor McDavid.
18:04 of 2nd period - Stopped by Marc-André Fleury with a rebound.
18:06 of 2nd period - Snap shot by Tobias Enstrom.
18:06 of 2nd period - Stopped by Marc-André Fleury with a rebound.
18:08 of 2nd period - Snap shot by Evander Kane.
18:08 of 2nd period - Stopped by Marc-André Fleury without a rebound.
18:09 of 2nd period - Connor McDavid wins face-off versus Vladimir Tarasenko in Islanders zone.
18:10 of 2nd period - Slapshot by Evander Kane.
18:10 of 2nd period - Shot Misses the Net.
18:12 of 2nd period - Slapshot by Tobias Enstrom.
18:12 of 2nd period - Stopped by Marc-André Fleury with a rebound.
18:18 of 2nd period - Snap shot by Connor McDavid.
18:18 of 2nd period - Shot Misses the Net.
19:08 of 2nd period - Ryan Nugent-Hopkins is hit by Sergei Plotnikov and loses puck.
19:31 of 2nd period - Ryan Ellis is hit by Viktor Arvidsson and loses puck.
19:36 of 2nd period - Snap shot by Viktor Arvidsson.
19:36 of 2nd period - Shot Misses the Net.
19:38 of 2nd period - Slapshot by Cam Barker.
19:38 of 2nd period - Stopped by Marc-André Fleury without a rebound.
19:39 of 2nd period - Connor McDavid wins face-off versus Vladimir Tarasenko in Islanders zone.
19:50 of 2nd period - Penalty to Rick Nash is over, Rick Nash is back on ice.
19:56 of 2nd period - Penalty to Brady Skjei is over, Brady Skjei is back on ice.
Goals for this period are 0 for Islanders vs 3 for Oilers.
Shots for this period are 16 for Islanders vs 17 for Oilers.
3rd period
0:01 of 3rd period - Frans Nielsen wins face-off versus Ryan Nugent-Hopkins in neutral zone.
0:26 of 3rd period - Brock McGinn is hit by Connor McDavid and loses puck.
0:31 of 3rd period - Snap shot by Connor McDavid.
0:31 of 3rd period - Shot Blocked by Rick Nash.
1:24 of 3rd period - Nikita Zadorov is hit by Leon Draisaitl and loses puck.
1:42 of 3rd period - Emerson Etem is hit by Brady Skjei and loses puck.
1:51 of 3rd period - Patrice Bergeron is hit by Pierre-Edouard Bellemare and loses puck.
2:22 of 3rd period - Snap shot by Pierre-Edouard Bellemare.
2:22 of 3rd period - Shot Misses the Net.
2:42 of 3rd period - Wrist shot by Zach Hyman.
2:42 of 3rd period - Shot Misses the Net.
2:44 of 3rd period - Snap shot by Zach Hyman.
2:44 of 3rd period - Shot Blocked by Emerson Etem.
3:06 of 3rd period - Wrist shot by Ryan Getzlaf.
3:06 of 3rd period - Deflect By Anton Slepyshev.
3:06 of 3rd period - Shot Blocked by Brenden Dillon.
3:06 of 3rd period - Puck is out of play.
3:07 of 3rd period - Frans Nielsen wins face-off versus Ryan Nugent-Hopkins in Islanders zone.
3:12 of 3rd period - Snap shot by Ryan Nugent-Hopkins.
3:12 of 3rd period - Stopped by Marc-André Fleury without a rebound.
3:13 of 3rd period - Ryan Nugent-Hopkins wins face-off versus Frans Nielsen in Islanders zone.
3:53 of 3rd period - Off-side.
3:54 of 3rd period - James Neal wins face-off versus Melker Karlsson in neutral zone.
4:01 of 3rd period - Slapshot by Cam Barker.
4:01 of 3rd period - Stopped by Marc-André Fleury with a rebound.
4:26 of 3rd period - Icing by Kellan Lain.
4:27 of 3rd period - Frans Nielsen wins face-off versus Viktor Arvidsson in Islanders zone.
4:27 of 3rd period - Frans Nielsen is hit by Evander Kane.
4:39 of 3rd period - Backhand shot by Kellan Lain.
4:39 of 3rd period - Stopped by James Reimer with a rebound.
5:02 of 3rd period - Icing by Connor McDavid.
5:03 of 3rd period - Michael Latta wins face-off versus Connor McDavid in Oilers zone.
5:17 of 3rd period - Slapshot by Ryan Ellis.
5:17 of 3rd period - Deflect By Michael Latta.
5:17 of 3rd period - Shot Misses the Net.
5:17 of 3rd period - Puck is out of play.
5:18 of 3rd period - Frans Nielsen wins face-off versus Ryan Nugent-Hopkins in Oilers zone.
5:23 of 3rd period - Ryan Nugent-Hopkins is hit by Ryan Ellis and loses puck.
5:44 of 3rd period - Ryan Ellis is hit by David Pastrnak and loses puck.
6:13 of 3rd period - Patrice Bergeron is hit by Sergei Plotnikov and loses puck.
6:28 of 3rd period - Slapshot by Jake Gardiner.
6:28 of 3rd period - Shot Blocked by Nikita Zadorov.
6:30 of 3rd period - Slapshot by Anton Slepyshev.
6:30 of 3rd period - Stopped by Marc-André Fleury with a rebound.
6:48 of 3rd period - Slapshot by Yann Sauvé.
6:48 of 3rd period - Stopped by James Reimer without a rebound.
6:49 of 3rd period - Michael Latta wins face-off versus Ryan Nugent-Hopkins in Oilers zone.
6:56 of 3rd period - Snap shot by Michael Latta.
6:56 of 3rd period - Shot Blocked by Brady Skjei.
6:58 of 3rd period - Wrist shot by Brock McGinn.
6:58 of 3rd period - Goal by Brock McGinn - Islanders : 3 - Oilers : 3.
6:59 of 3rd period - Ryan Nugent-Hopkins wins face-off versus Frans Nielsen in neutral zone.
7:02 of 3rd period - Slapshot by Cam Barker.
7:02 of 3rd period - Stopped by Marc-André Fleury with a rebound.
7:05 of 3rd period - Icing by Yann Sauvé.
7:06 of 3rd period - Ryan Nugent-Hopkins wins face-off versus Frans Nielsen in Islanders zone.
7:49 of 3rd period - Snap shot by Vladimir Tarasenko.
7:49 of 3rd period - Stopped by James Reimer with a rebound.
7:57 of 3rd period - Slapshot by Ryan Ellis.
7:57 of 3rd period - Shot Blocked by Tobias Enstrom.
7:59 of 3rd period - Slapshot by Yann Sauvé.
7:59 of 3rd period - Deflect By Frans Nielsen.
7:59 of 3rd period - Stopped by James Reimer with a rebound.
8:15 of 3rd period - Snap shot by Kellan Lain.
8:15 of 3rd period - Stopped by James Reimer with a rebound.
8:17 of 3rd period - Wrist shot by Kellan Lain.
8:17 of 3rd period - Stopped by James Reimer with a rebound.
8:19 of 3rd period - Wrist shot by Kellan Lain.
8:19 of 3rd period - Shot Misses the Net.
9:24 of 3rd period - Off-side.
9:25 of 3rd period - Connor McDavid wins face-off versus Michael Latta in neutral zone.
9:28 of 3rd period - Snap shot by Jake Gardiner.
9:28 of 3rd period - Shot Blocked by Nikita Zadorov.
9:47 of 3rd period - Icing by Leon Draisaitl.
9:48 of 3rd period - Patrice Bergeron wins face-off versus Melker Karlsson in Oilers zone.
9:54 of 3rd period - Off-side.
9:55 of 3rd period - Patrice Bergeron wins face-off versus Michael Latta in neutral zone.
10:03 of 3rd period - Off-side.
10:04 of 3rd period - Michael Latta wins face-off versus Connor McDavid in neutral zone.
10:27 of 3rd period - Wrist shot by Rick Nash.
10:27 of 3rd period - Deflect By Michael Latta.
10:27 of 3rd period - Shot Blocked by Jake Gardiner.
10:27 of 3rd period - Puck is out of play.
10:28 of 3rd period - Patrice Bergeron wins face-off versus Melker Karlsson in Oilers zone.
10:41 of 3rd period - Slapshot by Craig Smith.
10:41 of 3rd period - Stopped by James Reimer without a rebound.
10:42 of 3rd period - Michael Latta wins face-off versus Connor McDavid in Oilers zone.
10:59 of 3rd period - Snap shot by Connor McDavid.
10:59 of 3rd period - Deflect By Leon Draisaitl.
10:59 of 3rd period - Stopped by Marc-André Fleury with a rebound.
12:17 of 3rd period - Leon Draisaitl is hit by Wes O'Neill and loses puck.
12:42 of 3rd period - Slapshot by Brady Skjei.
12:42 of 3rd period - Stopped by Marc-André Fleury with a rebound.
12:44 of 3rd period - Wrist shot by Mark Stone.
12:44 of 3rd period - Shot Blocked by Justin Falk.
12:46 of 3rd period - Slapshot by Brady Skjei.
12:46 of 3rd period - Deflect By James Neal.
12:46 of 3rd period - Shot Misses the Net.
12:46 of 3rd period - Puck is out of play.
12:47 of 3rd period - Patrice Bergeron wins face-off versus Frans Nielsen in Islanders zone.
12:51 of 3rd period - Icing by Wes O'Neill.
12:52 of 3rd period - Ryan Nugent-Hopkins wins face-off versus Frans Nielsen in Islanders zone.
13:17 of 3rd period - Minor Penalty to Kellan Lain for Interference.
13:18 of 3rd period - Connor McDavid wins face-off versus Vladimir Tarasenko in Islanders zone.
13:31 of 3rd period - Rick Nash is hit by Brady Skjei and loses puck.
13:48 of 3rd period - Snap shot by Brady Skjei.
13:48 of 3rd period - Deflect By Leon Draisaitl.
13:48 of 3rd period - Shot Misses the Net.
13:48 of 3rd period - Puck is out of play.
13:49 of 3rd period - Connor McDavid wins face-off versus Vladimir Tarasenko in Islanders zone.
13:54 of 3rd period - Slapshot by Brady Skjei.
13:54 of 3rd period - Shot Blocked by Vladimir Tarasenko.
13:58 of 3rd period - Wrist shot by David Pastrnak.
13:58 of 3rd period - Stopped by Marc-André Fleury without a rebound.
13:59 of 3rd period - Connor McDavid wins face-off versus Vladimir Tarasenko in Islanders zone.
14:06 of 3rd period - Wrist shot by Connor McDavid.
14:06 of 3rd period - Goal by Connor McDavid - Islanders : 3 - Oilers : 4.
14:07 of 3rd period - Frans Nielsen wins face-off versus Ryan Nugent-Hopkins in neutral zone.
14:36 of 3rd period - Slapshot by Ryan Ellis.
14:36 of 3rd period - Stopped by James Reimer with a rebound.
14:38 of 3rd period - Snap shot by Michael Latta.
14:38 of 3rd period - Shot Blocked by David Pastrnak.
14:40 of 3rd period - Snap shot by Rick Nash.
14:40 of 3rd period - Stopped by James Reimer with a rebound.
14:42 of 3rd period - Slapshot by Yann Sauvé.
14:42 of 3rd period - Stopped by James Reimer with a rebound.
15:42 of 3rd period - Off-side.
15:43 of 3rd period - Melker Karlsson wins face-off versus Ryan Nugent-Hopkins in neutral zone.
15:46 of 3rd period - Slapshot by Yann Sauvé.
15:46 of 3rd period - Shot Misses the Net.
15:48 of 3rd period - Slapshot by Yann Sauvé.
15:48 of 3rd period - Shot Misses the Net.
16:22 of 3rd period - Snap shot by Ryan Ellis.
16:22 of 3rd period - Shot Misses the Net.
16:25 of 3rd period - Icing by Cam Barker.
16:26 of 3rd period - Michael Latta wins face-off versus Connor McDavid in Oilers zone.
16:27 of 3rd period - Wrist shot by Brock McGinn.
16:27 of 3rd period - Stopped by James Reimer without a rebound.
16:28 of 3rd period - Michael Latta wins face-off versus Patrice Bergeron in Oilers zone.
16:33 of 3rd period - Wrist shot by Michael Latta.
16:33 of 3rd period - Shot Misses the Net.
16:35 of 3rd period - Slapshot by Wes O'Neill.
16:35 of 3rd period - Stopped by James Reimer with a rebound.
16:37 of 3rd period - Snap shot by Rick Nash.
16:37 of 3rd period - Stopped by James Reimer without a rebound.
16:38 of 3rd period - Melker Karlsson wins face-off versus Patrice Bergeron in Oilers zone.
17:09 of 3rd period - Slapshot by Melker Karlsson.
17:09 of 3rd period - Stopped by James Reimer with a rebound.
17:27 of 3rd period - Snap shot by Craig Smith.
17:27 of 3rd period - Shot Misses the Net.
17:29 of 3rd period - Wrist shot by Craig Smith.
17:29 of 3rd period - Stopped by James Reimer with a rebound.
17:39 of 3rd period - Snap shot by Melker Karlsson.
17:39 of 3rd period - Shot Misses the Net.
17:41 of 3rd period - Slapshot by Yann Sauvé.
17:41 of 3rd period - Stopped by James Reimer with a rebound.
17:43 of 3rd period - Snap shot by Melker Karlsson.
17:43 of 3rd period - Shot Blocked by Patrice Bergeron.
17:45 of 3rd period - Slapshot by Ryan Ellis.
17:45 of 3rd period - Shot Blocked by Patrice Bergeron.
17:47 of 3rd period - Slapshot by Sergei Plotnikov.
17:47 of 3rd period - Shot Misses the Net.
17:49 of 3rd period - Slapshot by Yann Sauvé.
17:49 of 3rd period - Stopped by James Reimer with a rebound.
18:13 of 3rd period - Snap shot by Patrice Bergeron.
18:13 of 3rd period - Stopped by Marc-André Fleury without a rebound.
18:14 of 3rd period - Frans Nielsen wins face-off versus Ryan Nugent-Hopkins in Islanders zone.
18:29 of 3rd period - Snap shot by Vladimir Tarasenko.
18:29 of 3rd period - Shot Misses the Net.
18:31 of 3rd period - Slapshot by Nikita Zadorov.
18:31 of 3rd period - Stopped by James Reimer with a rebound.
18:41 of 3rd period - Michael Latta is hit by David Pastrnak and loses puck.
18:46 of 3rd period - Snap shot by Leon Draisaitl.
18:46 of 3rd period - Stopped by Marc-André Fleury with a rebound.
19:09 of 3rd period - Minor Penalty to Shea Weber for Hooking.
19:10 of 3rd period - Frans Nielsen wins face-off versus Patrice Bergeron in Oilers zone.
19:10 of 3rd period - Islanders, Marc-André Fleury is pulled from the net.
19:38 of 3rd period - Rick Nash is hit by Viktor Arvidsson and loses puck.
Goals for this period are 1 for Islanders vs 1 for Oilers.
Shots for this period are 19 for Islanders vs 10 for Oilers.